[Event "Titled Tuesday Blitz April 26 Late 2022"]
[White "Demchenko, Anton"]
[Black "Korchmar, Vasiliy"]
[WhiteFideId "4160258"]
[BlackFideId "24131750"]
[WhiteElo "2539"]
[BlackElo "2370"]
[Result "1-0"]
[Round "11"]
[TimeControl "180+1"]
[Date "2022.04.26"]
[WhiteClock "0:00:03"]
[BlackClock "0:00:03"]

1. e4 c5 2. Nf3 d6 3. d4 cxd4 4. Qxd4 Nc6 5. Bb5 a6 6. Bxc6+ bxc6 7. O-O e5 8. Qa4 Qc7 9. c4 Nf6 10. c5 dxc5 11. Nxe5 Bb7 12. Nc4 Be7 13. Qa5 Qb8 14. Nc3 O-O 15. f3 Nd7 16. Rd1 Ne5 17. Qa4 Nxc4 18. Qxc4 Bc8 19. Qa4 Qb6 20. Qc2 Rb8 21. Kh1 Be6 22. Na4 Qb5 23. Bf4 Rbd8 24. Nc3 Qb6 25. Be3 Qc7 26. Qf2 c4 27. Rxd8 Qxd8 28. Rd1 Qb8 29. f4 f5 30. e5 Rd8 31. Rd2 Rd3 32. h3 Qd8 33. Re2 Bh4 34. g3 Be7 35. Kh2 Bb4 36. Na4 Rd1 37. Nb6 Bd5 38. Nxd5 Qxd5 39. Qg2 Qd3 40. Bb6 h5 41. h4 Be7 42. e6 Kh7 43. Bc7 g6 44. Be5 a5 45. Rf2 a4 46. Qxc6 Rd2 47. Rxd2 Qxd2+ 48. Qg2 Qd3 49. Qb7 Qd2+ 50. Kh3 1-0


[Site "https://www.chess.com"]

[Event "Titled Tuesday Blitz April 26 Late 2022"]
[White "Donchenko, Alexander"]
[Black "Hnydiuk, Aleksander"]
[WhiteFideId "24603295"]
[BlackFideId "1109057"]
[WhiteElo "2539"]
[BlackElo "2374"]
[Result "0-1"]
[Round "11"]
[TimeControl "180+1"]
[Date "2022.04.26"]
[WhiteClock "0:01:20"]
[BlackClock "0:00:25"]

1. d4 d5 2. Nf3 Nf6 3. c4 c6 4. e3 Bf5 5. Nc3 a6 6. Qb3 b5 7. c5 Nbd7 8. a4 b4 9. Qxb4 a5 10. Qb3 e5 11. Be2 Be7 12. Bd2 O-O 13. O-O Rb8 14. Qa2 Ne4 15. Rfc1 Bg4 16. Be1 Nxc3 17. bxc3 e4 18. Ne5 Nxe5 19. dxe5 Bxe2 20. Qxe2 Bxc5 21. c4 d4 22. Rd1 d3 23. Qg4 f5 24. exf6 Qxf6 25. Qxe4 d2 26. Bxd2 Qxf2+ 27. Kh1 Rbd8 28. Qxc6 Rxd2 29. h3 Bxe3 30. Rxd2 Qxd2 31. c5 Qc3 32. Rd1 Qxc5 33. Qe6+ Kh8 34. Qe4 h6 35. Qg6 Qc4 36. Qd6 Rf1+ 37. Rxf1 Qxf1+ 0-1


[Site "https://www.chess.com"]

[Event "Titled Tuesday Blitz April 26 Late 2022"]
[White "Dubov, Daniil"]
[Black "Moiseenko, Alexander"]
[WhiteFideId "24126055"]
[BlackFideId "14102560"]
[WhiteElo "2791"]
[BlackElo "2577"]
[Result "0-1"]
[Round "11"]
[TimeControl "180+1"]
[Date "2022.04.26"]
[WhiteClock "0:01:49"]
[BlackClock "0:00:17"]

1. e4 c5 2. Nc3 Nc6 3. Nf3 e5 4. Bb5 d6 5. O-O Be7 6. d3 Nf6 7. Bxc6+ bxc6 8. Ne2 O-O 9. Ng3 Ne8 10. c3 Bd7 11. Re1 Rb8 12. d4 cxd4 13. cxd4 exd4 14. Nxd4 g6 15. b3 Bf6 16. Bh6 Ng7 17. Rc1 c5 18. Nf3 Bg4 19. h3 Bxf3 20. Qxf3 Re8 21. Rcd1 Bd4 22. Ne2 Be5 23. Bf4 Qf6 24. Qg3 Nh5 25. Bxe5 Rxe5 26. Qd3 Rbe8 27. Nc3 Nf4 28. Qf3 Rg5 29. Kh1 Qe5 30. g3 Nxh3 31. Nd5 Kg7 32. Kg2 Rh5 33. Rh1 Ng5 34. Rxh5 gxh5 35. Qxh5 Qxe4+ 36. Kh2 Re5 37. Nf4 Nf3+ 38. Kh3 Rxh5+ 39. Nxh5+ Kf8 40. Rxd6 Ng5+ 41. Kh2 Qf3 0-1


[Site "https://www.chess.com"]

[Event "Titled Tuesday Blitz April 26 Late 2022"]
[White "Dudzinski, Pawel"]
[Black "Papp, Petra"]
[WhiteFideId "1117890"]
[BlackFideId "739049"]
[WhiteElo "2033"]
[BlackElo "2259"]
[Result "0-1"]
[Round "11"]
[TimeControl "180+1"]
[Date "2022.04.26"]
[WhiteClock "0:00:01"]
[BlackClock "0:00:16"]

1. e4 c6 2. d4 d5 3. exd5 cxd5 4. Bd3 Nc6 5. c3 Nf6 6. h3 g6 7. Nf3 Bf5 8. O-O Ne4 9. Nh4 Be6 10. f3 Ng3 11. Re1 Bg7 12. Bf4 Nh5 13. Bh2 Bf6 14. Nxg6 hxg6 15. Bxg6 fxg6 16. Rxe6 Kf7 17. Re2 Qd7 18. Nd2 Ng7 19. Nf1 Nf5 20. Qd2 Rae8 21. Rae1 e6 22. Ne3 Nxe3 23. Qxe3 e5 24. dxe5 Bxe5 25. Bxe5 Rxe5 26. Qf4+ Rf5 27. Qg4 d4 28. Re6 Rg8 29. cxd4 Qxd4+ 30. Qxd4 Nxd4 31. Re7+ Kf6 32. R1e4 Rb5 33. Rc7 Nf5 34. b3 Rd8 35. g4 Ng3 36. Rf4+ Kg5 37. Rfc4 Rd2 0-1


[Site "https://www.chess.com"]

[Event "Titled Tuesday Blitz April 26 Late 2022"]
[White "Fiorito, Fabian"]
[Black "Romero Ruscalleda, Josep"]
[WhiteFideId "100200"]
[BlackFideId "2231859"]
[WhiteElo "2395"]
[BlackElo "2342"]
[Result "1-0"]
[Round "11"]
[TimeControl "180+1"]
[Date "2022.04.26"]
[WhiteClock "0:00:04"]
[BlackClock "0:00:02"]

1. e4 g6 2. d4 Bg7 3. Nc3 d6 4. Nf3 a6 5. a4 Nc6 6. Be3 Nf6 7. h3 O-O 8. Bc4 e6 9. O-O d5 10. Bd3 dxe4 11. Nxe4 Nd5 12. c3 Nxe3 13. fxe3 Bh6 14. Qe2 f5 15. Nc5 Qe7 16. Bc4 Kh8 17. b4 b6 18. Nd3 Bb7 19. Rae1 Qd6 20. e4 fxe4 21. Qxe4 Na5 22. Qe5+ Qxe5 23. Nfxe5 Nxc4 24. Nxc4 Bd5 25. Nce5 Kg7 26. c4 Bb7 27. Ng4 Rxf1+ 28. Rxf1 Bd2 29. Nde5 Rf8 30. Rxf8 Kxf8 31. b5 h5 32. Nf2 Be3 33. Nxg6+ Kg7 34. Ne5 Bxd4 35. Nd3 axb5 36. axb5 Be4 37. Kf1 Bf5 38. g4 hxg4 39. hxg4 Bg6 40. Ke2 Kf6 41. Nf4 Bc2 42. N2h3 e5 43. Nd3 Kg6 44. Nhf2 Kg5 45. Kd2 Bb3 46. c5 bxc5 47. Ne4+ Kxg4 48. Nf6+ Kf3 49. Ne8 e4 50. Ne1+ Kf2 51. Nxc7 e3+ 52. Kd3 Bd1 53. Nc2 1-0


[Site "https://www.chess.com"]

[Event "Titled Tuesday Blitz April 26 Late 2022"]
[White "Fishbein, Alexander"]
[Black "Makarian, Rudik"]
[WhiteFideId "2000377"]
[BlackFideId "44105681"]
[WhiteElo "2442"]
[BlackElo "2388"]
[Result "0-1"]
[Round "11"]
[TimeControl "180+1"]
[Date "2022.04.26"]
[WhiteClock "0:00:02"]
[BlackClock "0:00:07"]

1. e4 e5 2. Nf3 Nc6 3. Bb5 a6 4. Ba4 Bc5 5. O-O Nge7 6. c3 Ng6 7. d4 Ba7 8. d5 Nce7 9. d6 cxd6 10. Qxd6 O-O 11. Bg5 f6 12. Bb3+ Kh8 13. Be3 Bxe3 14. fxe3 b5 15. Rd1 Ra7 16. Na3 Qc7 17. Nc2 Qxd6 18. Rxd6 Rc7 19. Rad1 Rd8 20. Nb4 a5 21. Nd5 Nxd5 22. Bxd5 Ne7 23. Rb6 Rc5 24. b4 Rxc3 25. bxa5 Ra3 26. Bb3 Rxa5 27. Nh4 g5 28. Nf3 Kg7 29. Rdd6 Rf8 30. Nd2 Nc6 31. Nf1 Ne7 32. Ng3 Kg6 33. h3 h5 34. Bd1 h4 35. Nh5 Nc6 36. Bg4 Rxa2 37. Rxb5 Ra3 38. Rb2 Ne7 39. Rf2 Ng8 40. Kh2 Rxe3 41. g3 hxg3+ 42. Nxg3 Nh6 43. Bf5+ Nxf5 44. exf5+ Kf7 45. Rb2 Ke7 46. Rbb6 Rf3 47. Kg2 Rf4 48. Rd2 g4 49. h4 Rh8 50. Rf2 Rxh4 51. Rxf4 exf4 52. Ne4 g3 53. Nd6 Rh2+ 54. Kg1 Rc2 0-1


[Site "https://www.chess.com"]

[Event "Titled Tuesday Blitz April 26 Late 2022"]
[White "Gomez Dieguez, David"]
[Black "Yurasova, Daria"]
[WhiteFideId "22223630"]
[BlackFideId "34146919"]
[WhiteElo "2115"]
[BlackElo "2064"]
[Result "1-0"]
[Round "11"]
[TimeControl "180+1"]
[Date "2022.04.26"]
[WhiteClock "0:01:41"]
[BlackClock "0:02:43"]

1. c4 c6 2. Nf3 d5 3. e3 Nf6 4. Nc3 dxc4 5. Bxc4 e6 6. d4 Be7 7. O-O O-O 8. Qe2 Nbd7 9. Rd1 Nb6 10. Bb3 Nbd5 11. e4 Nxc3 12. bxc3 Bd7 13. Ne5 Be8 14. Bb2 Nd7 15. f4 Nxe5 16. fxe5 Qc8 17. Rf1 c5 18. d5 c4 19. Qxc4 1-0


[Site "https://www.chess.com"]

[Event "Titled Tuesday Blitz April 26 Late 2022"]
[White "Harish, Neeraj"]
[Black "Dahlgren, James Allen"]
[WhiteFideId "30958130"]
[BlackFideId "22256873"]
[WhiteElo "1574"]
[BlackElo "2084"]
[Result "1/2-1/2"]
[Round "11"]
[TimeControl "180+1"]
[Date "2022.04.26"]
[WhiteClock "0:00:26"]
[BlackClock "0:00:13"]

1. e4 e6 2. d4 c5 3. Nf3 cxd4 4. Nxd4 Nf6 5. Nc3 Nc6 6. Ndb5 d6 7. Bg5 a6 8. Na3 b5 9. Naxb5 axb5 10. Bxb5 Bd7 11. O-O Be7 12. a4 O-O 13. f4 Qc7 14. Qe1 h6 15. Bxf6 Bxf6 16. Rd1 Nd4 17. Bxd7 Qxd7 18. e5 dxe5 19. fxe5 Be7 20. Qf2 Bc5 21. Ne4 Nf3+ 22. Kh1 Qxd1 23. Nxc5 Qd4 24. gxf3 Qxf2 25. Rxf2 Rab8 26. c3 Rfc8 27. b4 f6 28. exf6 gxf6 29. a5 Kf7 30. a6 e5 31. Rd2 Rc7 32. Rd7+ Rxd7 33. Nxd7 Rc8 34. a7 Ra8 35. b5 Rxa7 36. Nc5 Ke7 37. c4 Kd6 38. Ne4+ Ke6 39. b6 Ra1+ 40. Kg2 Rb1 41. c5 f5 42. Nd6 Kd7 43. Nxf5 Kc6 44. Nxh6 Kxc5 45. Nf7 Kd5 46. Kg3 Rxb6 47. Kg4 Ke6 48. Ng5+ Kf6 49. h4 Kg7 50. h5 Rb4+ 51. Ne4 Kh6 52. Kf5 Rb5 53. Nf6 Ra5 54. Ng4+ Kxh5 55. Nxe5 Kh6 56. f4 Kg7 57. Ke6 Ra1 58. f5 Rf1 59. Ng4 Rf4 60. Ne5 Kf8 61. f6 Rxf6+ 62. Kxf6 1/2-1/2


[Site "https://www.chess.com"]

[Event "Titled Tuesday Blitz April 26 Late 2022"]
[White "Ivanisevic, Ivan"]
[Black "Barria Zuniga, Daniel"]
[WhiteFideId "912417"]
[BlackFideId "3400816"]
[WhiteElo "2495"]
[BlackElo "2414"]
[Result "1-0"]
[Round "11"]
[TimeControl "180+1"]
[Date "2022.04.26"]
[WhiteClock "0:00:53"]
[BlackClock "0:00:13"]

1. e4 e6 2. d4 d5 3. e5 c5 4. c3 Nc6 5. Nf3 Qb6 6. Bd3 cxd4 7. O-O Bd7 8. Re1 a6 9. h4 h6 10. Nbd2 Rc8 11. Nb3 dxc3 12. bxc3 Na5 13. Be3 Qd8 14. Nxa5 Qxa5 15. Rb1 b5 16. a4 Ne7 17. axb5 Bxb5 18. Bxb5+ axb5 19. Qd3 Nc6 20. Rxb5 Qa4 21. Rb7 Be7 22. Nd4 Nxe5 23. Qe2 Bf6 24. Bf4 Nc4 25. Nxe6 Qc6 26. Nd4+ 1-0


[Site "https://www.chess.com"]

[Event "Titled Tuesday Blitz April 26 Late 2022"]
[White "Janaszak, Dawid"]
[Black "Chigaev, Maksim"]
[WhiteFideId "1119206"]
[BlackFideId "4108116"]
[WhiteElo "2199"]
[BlackElo "2478"]
[Result "0-1"]
[Round "11"]
[TimeControl "180+1"]
[Date "2022.04.26"]
[WhiteClock "0:00:01"]
[BlackClock "0:00:08"]

1. e4 c5 2. Nf3 d6 3. d4 cxd4 4. Nxd4 Nf6 5. Nc3 a6 6. a4 e5 7. Nf3 h6 8. Bc4 Be6 9. Qe2 Qc7 10. Bxe6 fxe6 11. O-O Nbd7 12. a5 Be7 13. Nh4 Kf7 14. g3 Rac8 15. Ng2 Rhf8 16. f4 exf4 17. Nxf4 Qc4 18. Qg2 g5 19. Nd3 Kg7 20. Kh1 Ne5 21. Nxe5 dxe5 22. Be3 Bb4 23. Ra4 Ng4 24. Rxf8 Rxf8 25. Bg1 Rf1 26. Qe2 Qxe2 27. Nxe2 Bd6 28. Rc4 Re1 29. Nc3 Kg6 30. Kg2 h5 31. h3 Nf6 32. Bf2 Rc1 33. Na2 Ra1 34. Nc3 Rxa5 35. b4 Ra1 36. Ne2 b5 37. Rc6 Nxe4 38. Kf3 Nxf2 39. Kxf2 Bxb4 40. Rxe6+ Kf5 41. Rh6 Bc5+ 42. Kf3 e4+ 43. Kg2 Re1 44. g4+ hxg4 45. Ng3+ Ke5 46. hxg4 Rg1+ 47. Kh3 Rc1 48. Rg6 Be3 49. Nf5 Bf4 50. Rxa6 Rxc2 51. Ng3 Rc3 0-1


[Site "https://www.chess.com"]

[Event "Titled Tuesday Blitz April 26 Late 2022"]
[White "Kamsky, Gata"]
[Black "Yurovskykh, Oleksandr"]
[WhiteFideId "2000024"]
[BlackFideId "14134020"]
[WhiteElo "2645"]
[BlackElo "2292"]
[Result "1-0"]
[Round "11"]
[TimeControl "180+1"]
[Date "2022.04.26"]
[WhiteClock "0:02:12"]
[BlackClock "0:01:15"]

1. e4 e6 2. Qe2 c5 3. Nf3 Nc6 4. g3 d6 5. Bg2 Nf6 6. O-O Be7 7. c3 O-O 8. d4 cxd4 9. cxd4 d5 10. e5 Ne4 11. Be3 Bd7 12. Rd1 Rc8 13. Ne1 f6 14. f3 Ng5 15. exf6 Bxf6 16. Nc3 Nf7 17. f4 Nd6 18. Nf3 Be8 19. Bf2 Qe7 20. Re1 Bf7 21. Rad1 Rfe8 22. g4 Qd7 23. Ne5 Bxe5 24. dxe5 1-0


[Site "https://www.chess.com"]

[Event "Titled Tuesday Blitz April 26 Late 2022"]
[White "Kohler, Aran"]
[Black "Ricaurte Lopez, Juan Carlos"]
[WhiteFideId "1002856"]
[BlackFideId "3600327"]
[WhiteElo "2262"]
[BlackElo "2209"]
[Result "0-1"]
[Round "11"]
[TimeControl "180+1"]
[Date "2022.04.26"]
[WhiteClock "0:00:13"]
[BlackClock "0:01:01"]

1. e4 e5 2. Nf3 d5 3. Nxe5 Bd6 4. d4 dxe4 5. Bc4 Bxe5 6. dxe5 Qxd1+ 7. Kxd1 Nc6 8. Bf4 Bg4+ 9. Ke1 O-O-O 10. Nc3 Nd4 11. Bb3 f5 12. h3 Bh5 13. Be3 Nxb3 14. axb3 a6 15. g4 fxg4 16. Nxe4 gxh3 17. Rxh3 Bg6 18. Rh4 Ne7 19. b4 Nf5 20. Rf4 Nxe3 21. fxe3 Rhe8 22. b5 axb5 23. Nc5 c6 24. Rd4 Rd5 25. Ra8+ Kc7 26. Rxe8 Bxe8 27. Rxd5 cxd5 28. Ne6+ Kd7 29. Nxg7 Bg6 30. c3 Ke7 31. e4 dxe4 32. Kf2 Kf7 0-1


[Site "https://www.chess.com"]

[Event "Titled Tuesday Blitz April 26 Late 2022"]
[White "Kollars, Dmitrij"]
[Black "Melkumyan, Hrant"]
[WhiteFideId "12909572"]
[BlackFideId "13302485"]
[WhiteElo "2584"]
[BlackElo "2604"]
[Result "1-0"]
[Round "11"]
[TimeControl "180+1"]
[Date "2022.04.26"]
[WhiteClock "0:00:08"]
[BlackClock "0:00:02"]

1. e4 c6 2. d4 d5 3. e5 Bf5 4. h4 h5 5. c4 e6 6. Nc3 Ne7 7. Nge2 Nd7 8. Ng3 Bg6 9. Bg5 Qb6 10. Rc1 dxc4 11. Bxc4 Nf5 12. Nxf5 Bxf5 13. O-O a5 14. Re1 Bb4 15. a3 Bxc3 16. bxc3 Bg6 17. Bd3 Bxd3 18. Qxd3 Qa6 19. c4 b5 20. cxb5 Qxb5 21. Qf3 Rc8 22. Rc3 Nb6 23. Rec1 Nd5 24. Rc5 Qb7 25. Rxa5 Ra8 26. Rac5 Ra6 27. R1c2 Qa8 28. Bc1 g6 29. Kh2 Qb7 30. g3 Ne7 31. Bg5 Nd5 32. Bf6 O-O 33. g4 Qa8 34. gxh5 Rxa3 35. Qg4 Nxf6 36. exf6 Qb8+ 37. Re5 Qd8 38. Qf4 Ra4 39. Rd2 c5 40. Rxc5 Qb6 41. Rg5 1-0


[Site "https://www.chess.com"]

[Event "Titled Tuesday Blitz April 26 Late 2022"]
[White "Kozin, Yuri"]
[Black "Kukula, Pawel"]
[WhiteFideId "4129920"]
[BlackFideId "1115081"]
[WhiteElo "2551"]
[BlackElo "2152"]
[Result "1-0"]
[Round "11"]
[TimeControl "180+1"]
[Date "2022.04.26"]
[WhiteClock "0:00:16"]
[BlackClock "0:00:33"]

1. e4 c5 2. Nf3 Nc6 3. d4 cxd4 4. Nxd4 Nf6 5. Nc3 e5 6. Ndb5 d6 7. Bg5 a6 8. Na3 b5 9. Nd5 Be7 10. Bxf6 Bxf6 11. c3 O-O 12. Nc2 Bg5 13. Be2 Rb8 14. O-O a5 15. a3 Be6 16. b4 g6 17. Bf3 Ne7 18. Nxe7+ Bxe7 19. Qd3 Bc4 20. Qd2 Bxf1 21. Rxf1 axb4 22. Nxb4 Bg5 23. Qd3 Qb6 24. g3 Rbc8 25. h4 Bd8 26. Bg4 Rc5 27. Nd5 Qa5 28. Ra1 h5 29. Bd7 Kg7 30. Kg2 Qa7 31. Bxb5 f5 32. c4 f4 33. Ra2 Qf7 34. a4 Qe6 35. a5 f3+ 36. Kg1 Bxh4 37. a6 Bg5 38. a7 Rcc8 39. Nb6 Rcd8 40. a8=Q Rxa8 41. Rxa8 Rxa8 42. Nxa8 Qh3 43. Qxf3 h4 44. Nc7 hxg3 45. Qxg3 Qh5 46. Ne6+ Kh6 47. Nxg5 Qxg5 48. Qxg5+ Kxg5 49. Kg2 Kf4 50. Bc6 g5 51. Bd5 g4 52. Bc6 Kg5 53. Kg3 Kh5 54. Bd7 Kg5 55. Bxg4 Kf6 56. Bf5 Ke7 57. Kg4 Kd8 58. Kg5 Kc7 59. Kf6 Kc6 60. Ke7 Kc5 61. Be6 Kd4 62. Bd5 Kc5 63. Ke6 Kd4 64. Kxd6 Kc3 65. Kxe5 Kb4 66. Kd6 Ka5 67. c5 Ka6 68. c6 Ka7 69. c7 Kb6 70. c8=Q Ka5 71. Qb7 Ka4 72. e5 Ka5 73. e6 Ka4 74. e7 Ka5 75. Bc4 Ka4 76. e8=Q+ Ka3 77. Qea8# 1-0


[Site "https://www.chess.com"]

[Event "Titled Tuesday Blitz April 26 Late 2022"]
[White "Krstulovic, Alex"]
[Black "Licznerski, Lukasz"]
[WhiteFideId "760056"]
[BlackFideId "1179250"]
[WhiteElo "2193"]
[BlackElo "2422"]
[Result "0-1"]
[Round "11"]
[TimeControl "180+1"]
[Date "2022.04.26"]
[WhiteClock "0:01:12"]
[BlackClock "0:01:00"]

1. e4 c6 2. d4 d5 3. exd5 cxd5 4. Bd3 Nc6 5. c3 Nf6 6. Bf4 Bg4 7. Qb3 Qc8 8. Nd2 e6 9. Ngf3 Be7 10. O-O Bh5 11. Rae1 Bg6 12. Re3 Ng4 13. Bxg6 Nxe3 14. Bxf7+ Kxf7 15. fxe3 Rf8 16. Qc2 Kg8 17. e4 Rxf4 18. exd5 exd5 19. Qb3 Qd7 20. Re1 Raf8 21. Nf1 Na5 22. Qd1 Nc6 23. Ne3 Re4 24. Qd3 Qe6 25. Nd2 Ref4 26. g3 Rf2 27. b3 Qh3 28. Ndf1 Bg5 0-1


[Site "https://www.chess.com"]

[Event "Titled Tuesday Blitz April 26 Late 2022"]
[White "Lehtosaari, Mauri"]
[Black "Shuvalova, Polina"]
[WhiteFideId "501999"]
[BlackFideId "24171760"]
[WhiteElo "2540"]
[BlackElo "2671"]
[Result "0-1"]
[Round "11"]
[TimeControl "180+1"]
[Date "2022.04.26"]
[WhiteClock "0:00:06"]
[BlackClock "0:00:40"]

1. d4 Nf6 2. Nf3 e6 3. Bg5 d5 4. Nbd2 c5 5. e3 Nc6 6. c3 Be7 7. Bd3 h6 8. Bh4 O-O 9. O-O b6 10. Ne5 Nxe5 11. dxe5 Nd7 12. Bxe7 Qxe7 13. f4 Bb7 14. Qh5 Rad8 15. Rad1 f6 16. Qh4 Qf7 17. exf6 Qxf6 18. Qg4 e5 19. Bb5 Qe7 20. Bxd7 Qxd7 21. Qxd7 Rxd7 22. fxe5 Re8 23. Nf3 g5 24. h3 Kg7 25. Rf2 Kg6 26. g4 Rf7 27. Ne1 Rxe5 28. Rxf7 Kxf7 29. Kf2 Re7 30. Nd3 Kg6 31. Re1 h5 32. Nc1 Bc8 33. Kg3 hxg4 34. hxg4 Re4 35. Nd3 Rxg4+ 36. Kf3 Re4 37. Nf2 Re7 38. Rg1 Bd7 39. Ng4 Bxg4+ 40. Rxg4 Kf5 41. Rg1 Re4 42. Rh1 Rh4 43. Rd1 Rh3+ 44. Kg2 Rxe3 45. Rxd5+ Re5 46. Rd7 Re2+ 47. Kf3 Rxb2 48. Rf7+ Ke5 49. Rxa7 Kd5 50. Rg7 Kc4 51. Rxg5 Rxa2 52. Rg6 Rb2 53. Ke3 Kxc3 54. Rg1 c4 55. Rc1+ Rc2 56. Rb1 Rb2 57. Rc1+ Kb3 58. Kd4 b5 59. Kc5 c3 60. Kd4 Rd2+ 61. Ke3 b4 62. Rb1+ Kc4 63. Ra1 Rd8 64. Ra7 Re8+ 65. Kf2 c2 66. Kf3 Kb3 0-1


[Site "https://www.chess.com"]

[Event "Titled Tuesday Blitz April 26 Late 2022"]
[White "Leitao, Rafael"]
[Black "Yuan, Qingyu"]
[WhiteFideId "2101246"]
[BlackFideId "8609772"]
[WhiteElo "2609"]
[BlackElo "2359"]
[Result "1-0"]
[Round "11"]
[TimeControl "180+1"]
[Date "2022.04.26"]
[WhiteClock "0:00:42"]
[BlackClock "0:00:01"]

1. e4 c6 2. d4 d5 3. e5 c5 4. dxc5 e6 5. a3 Bxc5 6. Bd3 Ne7 7. Qg4 O-O 8. Nf3 f5 9. exf6 Rxf6 10. Qh5 h6 11. O-O Bd6 12. Re1 Nbc6 13. c4 Bd7 14. Nc3 Qe8 15. Qxe8+ Rxe8 16. Be3 a6 17. Rad1 Bc8 18. Bb1 Bc7 19. cxd5 Nxd5 20. Nxd5 exd5 21. Ba2 Bg4 22. Bxd5+ Kh8 23. h3 Bh5 24. Bc5 Ne5 25. Nxe5 Bxe5 26. g4 Bg6 27. Bxb7 Bxb2 28. Rxe8+ Bxe8 29. Rd8 Re6 30. Bxa6 Rxa6 31. Rxe8+ Kh7 32. Re3 Rc6 33. Bb4 Rc2 34. Kf1 Bd4 35. Re2 Rc1+ 36. Kg2 Ra1 37. Rd2 Be5 38. Re2 Bd4 39. f4 Rb1 40. Kf3 Rb3+ 41. Ke4 Bb2 42. Re3 Rxe3+ 43. Kxe3 Kg6 44. Ke4 h5 45. a4 hxg4 46. hxg4 Bf6 47. Bc5 Bd8 48. Bd4 Kf7 49. Kd5 1-0


[Site "https://www.chess.com"]

[Event "Titled Tuesday Blitz April 26 Late 2022"]
[White "Leiva, Gianmarco"]
[Black "Zhurbinsky, David"]
[WhiteFideId "3804399"]
[BlackFideId "2072904"]
[WhiteElo "2323"]
[BlackElo "2549"]
[Result "0-1"]
[Round "11"]
[TimeControl "180+1"]
[Date "2022.04.26"]
[WhiteClock "0:00:03"]
[BlackClock "0:00:23"]

1. e4 e5 2. Nf3 Nc6 3. Bc4 Bc5 4. O-O d6 5. d3 Nf6 6. c3 O-O 7. Re1 a6 8. h3 Qe7 9. d4 Ba7 10. Bg5 h6 11. Bh4 g5 12. Bg3 g4 13. dxe5 gxf3 14. exf6 Qxf6 15. Qc1 Ne5 16. Nd2 fxg2 17. Kxg2 Kh8 18. Qd1 Rg8 19. Qe2 Bd7 20. Rh1 Bxf2 21. Qxf2 Rxg3+ 22. Qxg3 Rg8 23. Qxg8+ Kxg8 24. Rhg1 Kh8 25. Rad1 Qh4 0-1


[Site "https://www.chess.com"]

[Event "Titled Tuesday Blitz April 26 Late 2022"]
[White "Li, Ben"]
[Black "Mickiewicz, Piotr"]
[WhiteFideId "2089980"]
[BlackFideId "1114891"]
[WhiteElo "2267"]
[BlackElo "2266"]
[Result "1-0"]
[Round "11"]
[TimeControl "180+1"]
[Date "2022.04.26"]
[WhiteClock "0:00:29"]
[BlackClock "0:00:02"]

1. d4 Nf6 2. c4 d6 3. Nf3 Nbd7 4. Nc3 e5 5. e4 Be7 6. Be2 c6 7. O-O O-O 8. Qc2 a6 9. Rd1 Qc7 10. h3 b5 11. dxe5 dxe5 12. Be3 b4 13. Na4 c5 14. Nh4 g6 15. Bh6 Re8 16. g3 Bb7 17. f3 Bc6 18. Ng2 Nh5 19. Kh2 Ng7 20. Ne3 Ne6 21. Nd5 Qb7 22. Be3 Nd4 23. Bxd4 cxd4 24. h4 Bxa4 25. Qxa4 Nc5 26. Qc2 a5 27. Bd3 Ra6 28. Qe2 Bf8 29. Rf1 Bh6 30. Rad1 a4 31. Qg2 a3 32. b3 Kh8 33. Rfe1 Rf8 34. f4 exf4 35. gxf4 Qd7 36. e5 Qd8 37. Qg4 f5 38. Qg3 Qb8 39. Bf1 Ne6 40. Bg2 Rg8 41. Nf6 Bxf4 42. Qxf4 Nxf4 43. Nxg8 Nxg2 44. Kxg2 Kxg8 45. Rxd4 Re6 46. Rd5 Kg7 47. Kf3 Kh6 48. Kf4 Qe8 49. Re2 Qe7 50. Rh2 Kh5 51. Rh1 h6 52. Rh2 Qa7 53. Rg2 Qb6 54. Kf3 Qc7 55. Kf4 Qb8 56. Rh2 1-0


[Site "https://www.chess.com"]

[Event "Titled Tuesday Blitz April 26 Late 2022"]
[White "Lin, Dachey"]
[Black "Oparin, Grigoriy"]
[WhiteFideId "2029650"]
[BlackFideId "24125890"]
[WhiteElo "2313"]
[BlackElo "2665"]
[Result "1-0"]
[Round "11"]
[TimeControl "180+1"]
[Date "2022.04.26"]
[WhiteClock "0:00:10"]
[BlackClock "0:00:04"]

1. Nc3 e5 2. e4 Nc6 3. f4 Bc5 4. fxe5 d6 5. e6 Bxe6 6. Nf3 Bg4 7. Be2 Nf6 8. d3 a6 9. Bg5 h6 10. Bh4 g5 11. Bg3 Be3 12. Nd2 Be6 13. Nf1 Bb6 14. Qd2 d5 15. exd5 Nxd5 16. Nxd5 Qxd5 17. Ne3 Qd4 18. Nd1 O-O-O 19. Bf2 Qd6 20. Bxb6 cxb6 21. Nc3 Nd4 22. O-O-O f5 23. Rde1 Kb8 24. Kb1 b5 25. Bd1 b4 26. Ne2 Nb5 27. Nc1 a5 28. h4 g4 29. Rhf1 Bd7 30. Qf4 Qxf4 31. Rxf4 Rhe8 32. Ref1 b6 33. Ne2 Re3 34. Nd4 Nxd4 35. Rxd4 Kc7 36. Kc1 Rg3 37. Rf2 Be6 38. Rdf4 Re3 39. Kd2 Re5 40. Kc1 Rc8 41. a3 bxa3 42. bxa3 Kd6 43. Kd2 Ke7 44. d4 Rb5 45. Be2 Rb2 46. Bd3 Ra2 47. Re2 Re8 48. Rxe6+ Kxe6 49. Bc4+ Kf6 50. Bxa2 Rd8 51. c3 Kg7 52. Rxf5 h5 53. Rf7+ Kg6 54. Re7 Kf6 55. Re5 Kg6 56. Re6+ Kg7 57. Rxb6 Rf8 58. Rb2 Rf2+ 59. Kc1 Rf1+ 60. Kc2 a4 61. Kd3 g3 62. Bd5 Rd1+ 63. Ke2 Rc1 64. c4 Ra1 65. Rb7+ Kf6 66. Rf7+ Kg6 67. Rf3 Ra2+ 68. Ke3 Rxa3+ 69. Kf4 Ra1 70. Rxg3+ Kf6 71. c5 a3 72. Rf3 Ke7 73. c6 Kd6 74. Kg5 Kxd5 75. Rc3 a2 76. c7 Rg1 77. c8=Q a1=Q 78. Qc6+ Kxd4 79. Qc5+ Ke4 80. Re3# 1-0


[Site "https://www.chess.com"]

[Event "Titled Tuesday Blitz April 26 Late 2022"]
[White "Lopez Del Alamo, Antonio"]
[Black "Aigner, Michael"]
[WhiteFideId "2227339"]
[BlackFideId "2017288"]
[WhiteElo "2082"]
[BlackElo "2384"]
[Result "1/2-1/2"]
[Round "11"]
[TimeControl "180+1"]
[Date "2022.04.26"]
[WhiteClock "0:00:08"]
[BlackClock "0:00:19"]

1. e4 c5 2. Nf3 Nc6 3. Bb5 g6 4. Bxc6 dxc6 5. d3 Bg7 6. h3 Nf6 7. O-O Nd7 8. a3 e5 9. b4 Qe7 10. Qe1 Nf8 11. Be3 Ne6 12. Qc3 Nd4 13. Bxd4 cxd4 14. Qe1 O-O 15. Nbd2 Be6 16. Nc4 Bxc4 17. dxc4 Bh6 18. Qe2 f6 19. c5 Qe6 20. Ne1 Rad8 21. Nd3 g5 22. g4 Rf7 23. f3 Bf8 24. Rfd1 h5 25. Kg2 Rh7 26. Rh1 Kg7 27. Qd2 Be7 28. Qc1 Rdh8 29. Qb2 hxg4 30. hxg4 Rxh1 31. Rxh1 Rxh1 32. Kxh1 Qg8 33. Kg2 Kf8 34. a4 Ke8 35. b5 Qe6 36. Kf2 Kd7 37. Ke2 Kc8 38. Kd2 Qc4 39. Qb3 cxb5 40. axb5 Qxb3 41. cxb3 Kc7 42. b4 a6 43. bxa6 bxa6 44. Kc2 Kc6 45. Kb3 Kb5 46. Nb2 a5 47. bxa5 Bxc5 48. Nc4 Be7 49. a6 Kxa6 50. Ka4 d3 51. Kb3 Kb5 52. Kc3 d2 53. Nxd2 Bb4+ 54. Kd3 Bxd2 55. Kxd2 Kc4 56. Kc2 Kd4 57. Kd2 Kc4 58. Kc2 Kb4 59. Kb2 Kc4 60. Kc2 1/2-1/2


[Site "https://www.chess.com"]

[Event "Titled Tuesday Blitz April 26 Late 2022"]
[White "Martic, Ivan"]
[Black "Tregubov, Pavel V."]
[WhiteFideId "929301"]
[BlackFideId "4115341"]
[WhiteElo "2559"]
[BlackElo "2599"]
[Result "1-0"]
[Round "11"]
[TimeControl "180+1"]
[Date "2022.04.26"]
[WhiteClock "0:00:26"]
[BlackClock "0:00:10"]

1. d4 Nf6 2. Bg5 e6 3. Nd2 h6 4. Bh4 c5 5. e3 Nc6 6. c3 d5 7. Ngf3 Bd6 8. Bd3 b6 9. Bb5 Bb7 10. Qa4 Qc7 11. Ne5 Bxe5 12. dxe5 Nd7 13. f4 c4 14. O-O Nc5 15. Qa3 O-O 16. Nf3 Ne4 17. Bxc6 Bxc6 18. Rad1 b5 19. Nd2 Nxd2 20. Rxd2 Rfe8 21. Rd4 a5 22. Rf3 Qb7 23. Qd6 b4 24. cxb4 axb4 25. Rg3 Kh8 26. f5 Rxa2 27. h3 Rxb2 28. Bf6 Rg8 29. Rdg4 d4 30. Rxg7 Rxg7 31. Qf8+ 1-0


[Site "https://www.chess.com"]